 Dungeon Crawl Stone Soup version 0.27.1-3-gb3d3a73c9e (webtiles) character file.

Game seed: 9122109141047550751

17019 DearestLeader the Thaumaturge (level 12, -2/136 HPs)
             Began as a Gnoll Wanderer on Oct 13, 2021.
             Was an Elder of Vehumet.
             Slain by a freezing wraith (9 damage)
             ... on level 3 of the Lair of Beasts on Oct 14, 2021.
             The game lasted 00:43:45 (18433 turns).

DearestLeader the Thaumaturge (Gnoll Wanderer)     Turns: 18433, Time: 00:43:46

Health: -2/136     AC: 30    Str: 12    XL:     12   Next: 43%
Magic:  23/27      EV:  2    Int: 16    God:    Vehumet [****..]
Gold:   668        SH:  0    Dex: 12    Spells: 14/34 levels left

rFire    . . .     SeeInvis .   L - +4 dagger (venom)
rCold    + . .     Faith    .   (no shield)
rNeg     + + +     Spirit   .   (armour currently unavailable)
rPois    +         Reflect  .   (helmet currently unavailable)
rElec    .         Harm     .   (cloak currently unavailable)
rCorr    .         Rampage  .   (gloves currently unavailable)
Will     .....     NoTele   +   (boots currently unavailable)
Stlth    +++.......             i - amulet of magic regeneration
HPRegen  0.32/turn              h - ring of protection from cold
MPRegen  0.45/turn              u - +4 ring of protection

@: tree-form, slowed, very slow
A: stationary, stasis, torment immunity, boosted hp, (fangs 1), strong nose,
distributed training
a: Renounce Religion


You were on level 3 of the Lair of Beasts.
You worshipped Vehumet.
Vehumet was greatly pleased with you.
You were a tree.
You visited 3 branches of the dungeon, and saw 14 of its levels.

You collected 765 gold pieces.
You spent 97 gold pieces at shops.

Inventory:

Hand Weapons
 g - a +2 dagger of speed
 w - a +5 scimitar
 G - a +2 hand axe of freezing
 L - a +4 dagger of venom (weapon)
 P - the +9 glaive "Dughuw" {venom, Will+ Dex+4}
   (You found it on level 3 of the Lair of Beasts)

   It poisons the flesh of those it strikes.
   Dex:       It affects your dexterity (+4).
   Will:      It increases your willpower.
Missiles
 c - 57 poisoned darts (quivered)
 l - 49 sling bullets
Armour
 b - a +0 robe
 e - a +0 pair of boots (melded)
 f - a +0 pair of gloves (melded)
 r - a +0 helmet (melded)
 v - a +0 cloak (melded)
 x - a +1 ring mail of willpower
 S - +0 steam dragon scales (melded)
Jewellery
 h - a ring of protection from cold (left branch)
 i - an amulet of magic regeneration (around neck)
 p - an amulet of guardian spirit
 u - a +4 ring of protection (right branch)
 y - a ring of willpower
Wands
 t - a wand of paralysis (19)
 I - a wand of flame (26)
 J - a wand of mindburst (22)
 R - a wand of iceblast (6)
Scrolls
 d - 3 scrolls of amnesia
 j - 4 scrolls of immolation
 k - 2 scrolls of magic mapping
 m - a scroll of silence
 q - 3 scrolls of enchant armour
 z - a scroll of acquirement {unknown}
 A - 7 scrolls of teleportation
 C - a scroll of noise {unknown}
 D - a scroll of fear {unknown}
 F - a scroll of fog {unknown}
 N - 2 scrolls of torment
Potions
 a - 3 potions of brilliance
 n - 5 potions of flight
 o - 3 potions of haste
 s - a potion of invisibility
 B - 2 potions of mutation
 E - 2 potions of magic
 H - a potion of ambrosia {unknown}
 M - a potion of cancellation {unknown}
 O - 2 potions of curing {unknown}
 Q - a potion of berserk rage {unknown}


   Skills:
 + Level 7.3 Fighting
 + Level 7.3 Short Blades
 + Level 7.3 Long Blades
 + Level 7.3 Axes
 + Level 7.3 Maces & Flails
 + Level 7.3 Polearms
 + Level 7.3 Staves
 + Level 7.3 Slings
 + Level 7.3 Bows
 + Level 7.3 Crossbows
 + Level 7.3 Throwing
 + Level 7.3 Armour
 + Level 7.3 Dodging
 + Level 7.3 Stealth
 + Level 7.3 Shields
 + Level 7.3 Unarmed Combat
 + Level 11.6 Spellcasting
 + Level 6.0 Conjurations
 + Level 6.0 Hexes
 + Level 6.0 Summonings
 + Level 6.0 Necromancy
 + Level 8.2 Translocations
 + Level 6.0 Transmutations
 + Level 6.0 Fire Magic
 + Level 6.4 Ice Magic
 + Level 6.0 Air Magic
 + Level 6.0 Earth Magic
 + Level 6.0 Poison Magic
 + Level 8.0 Invocations
 + Level 8.7 Evocations


You had 14 spell levels left.
You knew the following spells:

 Your Spells              Type           Power      Damage    Failure   Level
a - Magic Dart            Conj           100%       1d8       1%          1
b - Blink                 Tloc           N/A        N/A       1%          2
c - Searing Ray           Conj           56%        3d5       1%          2
d - Call Imp              Summ           28%        N/A       1%          2
e - Mephitic Cloud        Conj/Pois/Air  28%        N/A       1%          3
f - Fireball              Conj/Fire      14%        3d8       5%          5
g - Freezing Cloud        Conj/Ice/Air   14%        6-21      4%          5

Your spell library contained the following spells:

 Spells                   Type           Power      Damage    Failure   Level
 Lightning Bolt           Conj/Air       14%        1d27      5%          5
 Animate Skeleton         Necr           56%        N/A       1%          1
 Apportation              Tloc           70%        N/A       1%          1
 Corona                   Hex            31%        N/A       1%          1
 Foxfire                  Conj/Fire      100%       2x1d9     1%          1
 Pain                     Necr           100%       1d9       1%          1
 Summon Small Mammal      Summ           100%       N/A       1%          1
 Corpse Rot               Necr/Air       N/A        N/A       1%          2
 Passwall                 Tmut/Erth      23%        N/A       1%          2
 Poisonous Vapours        Pois/Air       56%        N/A       1%          2
 Slow                     Hex            28%        N/A       1%          2
 Static Discharge         Conj/Air       28%        N/A       1%          2
 Sublimation of Blood     Necr           14%        N/A       1%          2
 Wereblood                Tmut           28%        N/A       1%          2
 Conjure Flame            Conj/Fire      28%        6-21      1%          3
 Dazzling Flash           Conj/Hex       56%        N/A       1%          3
 Gell's Gravitas          Tloc           17%        N/A       1%          3
 Ignite Poison            Fire/Tmut/Pois 28%        N/A       1%          3
 Inner Flame              Hex/Fire       28%        N/A       1%          3
 Summon Guardian Golem    Hex/Summ       28%        N/A       1%          3
 Swiftness                Air            28%        N/A       1%          3
 Vampiric Draining        Necr           14%        2d8       1%          3
 Bolt of Magma            Conj/Fire/Erth 14%        4d8       5%          5
 Leda's Liquefaction      Hex/Erth       14%        N/A       6%          4
 Manifold Assault         Tloc           35%        N/A       7%          5
 Summon Mana Viper        Hex/Summ       28%        N/A       19%         5
 Starburst                Conj/Fire      14%        6d6       24%         6
 Invisibility             Hex            14%        N/A       69%         6
 Statue Form              Tmut/Erth      18%        N/A       69%         6
 Storm Form               Tmut/Air       14%        N/A       99%         7
 Summon Hydra             Summ           14%        N/A       99%         7
 Ignition                 Fire           14%        3d6       100%        8


Dungeon Overview and Level Annotations

Branches:
Dungeon (9/15)             Temple (1/1) D:4            Lair (4/6) D:8
  Snake (0/4) Lair:2
  Swamp: Lair:2-4    Shoals: Lair:2-4       Orc: D:9-12

Altars:
Ashenzari
Dithmenos
Elyvilon
Fedhas
Gozag
Kikubaaqudgha
Nemelex Xobeh
Okawaru
Qazlal
Uskayaw
Vehumet
Wu Jian
Yredelemnul
Zin

Shops:
D:6 ?   D:7 *

Annotations:
D:2 Sigmund
D:9 Erolcha


Innate Abilities, Weirdness & Mutations

You are a tree.
Your roots penetrate the ground, keeping you stationary.
You cannot be teleported.
You are immune to unholy pain and torment.
Your maximum health is greatly increased.
Your equipment is partially melded.
((You have very sharp teeth.))
Your uncanny sense of smell can sniff out nearby items.
Your experience applies equally to all skills.


Message History

You closely miss the freezing wraith.
The freezing wraith is heavily damaged.
Your crimson imp disappears in a puff of smoke!
The freezing wraith hits you but does no damage. x2
Your crimson imp barely misses the freezing wraith.
You hit the freezing wraith but do no damage.
The freezing wraith is heavily damaged.
The freezing wraith hits you but does no damage. x2
Your crimson imp hits the freezing wraith but does no damage.
You hit the freezing wraith but do no damage.
The freezing wraith is heavily damaged.
The freezing wraith hits you but does no damage. x2
Your crimson imp hits the freezing wraith.
You hit the freezing wraith but do no damage.
The freezing wraith is heavily damaged.
The freezing wraith hits you but does no damage. x2
Your crimson imp hits the freezing wraith but does no damage.
Casting: Searing Ray (safe; 1% risk of failure)
Confirm with . or Enter, or press ? or * to list all spells.
Aiming: Searing Ray (safe; 1% risk of failure)
Press: ? - help, Shift-Dir - straight line, f/p - freezing wraith
Aim: a freezing wraith (heavily damaged, ally target, 79% to hit)
The searing ray hits the freezing wraith.
The freezing wraith is heavily damaged. (Press . to maintain the ray.)
The freezing wraith hits you but does no damage. x2
Your crimson imp hits the freezing wraith.
The searing ray hits the freezing wraith!
The freezing wraith is severely damaged.
The freezing wraith hits you but does no damage. x2
Your crimson imp hits the freezing wraith but does no damage.
The freezing wraith closely misses your crimson imp.
The freezing wraith completely misses your crimson imp.
Your crimson imp hits the freezing wraith but does no damage.
The searing ray hits the freezing wraith but does no damage.
The freezing wraith is severely damaged.
The freezing wraith hits you.
* * * LOW HITPOINT WARNING * * *
The freezing wraith freezes you! You resist.
You die...

.................................
.................................
.....................+##.#......#
....####.####..>....#.##.##.....#
.....########......##.......(...#
....###P##..##............#......
....###....#.#.....##............
.....##..>.#...W....#...........#
....##..†....+5.♣...#.....#.....#
(....#####.###......#............
.....#########..>..###...#.......
.....##.P###.P.....###.#..#......
.................................
.................................
.................................
.......P..###P......^............
#.......#..###....P..............


You could see a freezing wraith (ally target) and a friendly crimson imp
(summoned).

Vanquished Creatures
  A hydra (Lair:3)
  A boulder beetle (Lair:2)
  A lindwurm (Lair:2)
  3 oklob plants (Lair:2)
  3 black mambas (Lair:2)
  3 elephants (Lair:2)
  3 cane toads
  2 rime drakes (Lair:3)
  5 komodo dragons
  A polar bear (Lair:3)
  5 blink frogs (Lair:2)
  3 wyverns
  16 yaks
  2 basilisks (D:8)
  A steam dragon (Lair:3)
  An acid dragon (D:8)
  9 water moccasins
  3 ice beasts
  3 sky beasts
  A hornet zombie (D:4)
  A black bear (D:6)
  2 necrophages
  3 ogres
  3 wolves (Lair:2)
  A centaur (D:5)
  4 kobold brigands
  10 bullfrogs
  A gnoll sergeant (D:7)
  4 scorpions
  A wyvern skeleton (D:6)
  4 wights (D:6)
  2 electric eels (Lair:2)
  4 howler monkeys
  3 hounds
  A jelly (D:5)
  2 orc priests
  A scorpion zombie (D:5)
  4 orc wizards
  4 hell rats (Lair:3)
  Terence (D:2)
  A hound skeleton (D:4)
  Robin (D:2)
  33 gnolls
  4 adders
  A shadow imp (D:7)
  4 white imps
  An ufetubus (D:4)
  3 worms
  3 dart slugs
  41 orcs
  5 ball pythons
  7 endoplasms
  4 giant cockroaches
  14 hobgoblins
  11 jackals (D:4)
  3 quokkas
  7 bats
  7 frilled lizards
  18 goblins
  16 kobolds
  7 rats
314 creatures vanquished.

Vanquished Creatures (collateral kills)
  Prince Ribbit (D:6)
  An ice beast (D:5)
  An ogre (D:5)
  A necrophage (D:6)
  An orc priest (D:5)
  Ijyb (D:4)
  A quokka (D:1)
  A kobold (D:1)
8 creatures vanquished.

Vanquished Creatures (others)
  15 fungi
  17 plants
32 creatures vanquished.

Grand Total: 354 creatures vanquished

Notes
Turn   | Place    | Note
-------+----------+-------------------------------------------
     0 | D:1      | Reached skill level 9 in Spellcasting
     0 | D:1      | DearestLeader the Gnoll Wanderer began the quest for the
                  | Orb.
     0 | D:1      | DearestLeader set off with the following items: a +0
                  | dagger, a +0 robe; and the following spells available to
                  | memorise: Apportation, Blink, Gell's Gravitas, Magic Dart,
                  | Call Imp, Searing Ray, Slow, Static Discharge, Conjure
                  | Flame, Mephitic Cloud
     0 | D:1      | Reached XP level 1. HP: 13/13 MP: 10/10
   342 | D:1      | Learned a level 1 spell: Magic Dart
   687 | D:1      | Reached XP level 2. HP: 13/19 MP: 7/12
  1129 | D:1      | Learned a level 2 spell: Blink
  1173 | D:1      | Reached XP level 3. HP: 23/25 MP: 4/13
  1188 | D:1      | Learned a level 2 spell: Searing Ray
  1191 | D:1      | Learned a level 2 spell: Call Imp
  1934 | D:2      | Found a faded altar of an unknown god.
  1952 | D:2      | Noticed Robin
  1963 | D:2      | Reached skill level 1 in Invocations
  2201 | D:2      | Reached skill level 1 in Fighting
  2201 | D:2      | Reached skill level 1 in Short Blades
  2201 | D:2      | Reached skill level 1 in Long Blades
  2201 | D:2      | Reached skill level 1 in Axes
  2201 | D:2      | Reached skill level 1 in Maces & Flails
  2201 | D:2      | Reached skill level 1 in Polearms
  2201 | D:2      | Reached skill level 1 in Staves
  2201 | D:2      | Reached skill level 1 in Slings
  2201 | D:2      | Reached skill level 1 in Bows
  2201 | D:2      | Reached skill level 1 in Crossbows
  2201 | D:2      | Reached skill level 1 in Throwing
  2201 | D:2      | Reached skill level 1 in Armour
  2201 | D:2      | Reached skill level 1 in Dodging
  2201 | D:2      | Reached skill level 1 in Stealth
  2201 | D:2      | Reached skill level 1 in Shields
  2201 | D:2      | Reached skill level 1 in Unarmed Combat
  2227 | D:2      | Killed Robin
  2228 | D:2      | Reached XP level 4. HP: 22/32 MP: 5/15
  2805 | D:2      | Noticed Sigmund
  2909 | D:3      | Reached skill level 1 in Conjurations
  2909 | D:3      | Reached skill level 1 in Hexes
  2909 | D:3      | Reached skill level 1 in Summonings
  2909 | D:3      | Reached skill level 1 in Necromancy
  2909 | D:3      | Reached skill level 1 in Transmutations
  2909 | D:3      | Reached skill level 1 in Fire Magic
  2909 | D:3      | Reached skill level 1 in Air Magic
  2909 | D:3      | Reached skill level 1 in Earth Magic
  2909 | D:3      | Reached skill level 1 in Poison Magic
  3227 | D:3      | Reached XP level 5. HP: 30/37 MP: 12/16
  3340 | D:3      | Found a hide-covered altar of Uskayaw.
  3973 | D:3      | Reached XP level 6. HP: 40/44 MP: 13/18
  4574 | D:2      | Noticed Terence
  4592 | D:2      | Killed Terence
  5008 | D:4      | Found a staircase to the Ecumenical Temple.
  5306 | D:3      | Reached skill level 5 in Evocations
  5466 | Temple   | Entered the Ecumenical Temple
  5707 | Temple   | Became a worshipper of Vehumet
  6005 | D:4      | Reached XP level 7. HP: 50/50 MP: 20/20
  6052 | D:4      | Noticed Ijyb
  6056 | D:4      | Paralysed by Ijyb for 2 turns
  6078 | D:4      | Killed Ijyb
  6641 | D:4      | Learned a level 3 spell: Mephitic Cloud
  6907 | D:4      | Reached * piety under Vehumet
  6907 | D:4      | Offered knowledge of Foxfire by Vehumet.
  7511 | D:4      | Reached XP level 8. HP: 57/57 MP: 18/21
  7511 | D:4      | Offered knowledge of Shock by Vehumet.
  7520 | D:4      | Reached ** piety under Vehumet
  7931 | D:5      | Entered Level 5 of the Dungeon
  8915 | D:5      | Reached skill level 10 in Spellcasting
  9233 | D:6      | Reached XP level 9. HP: 45/65 MP: 19/23
  9523 | D:6      | Found Udoc's Magic Scroll Shoppe.
  9534 | D:6      | Offered knowledge of Stone Arrow by Vehumet.
  9677 | D:6      | Bought a scroll of magic mapping for 52 gold pieces
  9677 | D:6      | Bought a scroll of teleportation for 45 gold pieces
  9837 | D:6      | Found a blossoming altar of Fedhas.
  9883 | D:6      | Got the Reference Book on Malediction
 10029 | D:6      | Noticed Prince Ribbit
 10126 | D:6      | Killed Prince Ribbit
 10614 | D:7      | Found Evveet's Elemental Accessories.
 10634 | D:7      | Reached skill level 5 in Invocations
 10710 | D:7      | Reached *** piety under Vehumet
 11036 | D:7      | Offered knowledge of Sticky Flame by Vehumet.
 11125 | D:7      | Reached XP level 10. HP: 66/73 MP: 24/24
 11293 | D:8      | Learned a level 5 spell: Fireball
 11299 | D:8      | Learned a level 5 spell: Freezing Cloud
 11944 | D:8      | Reached skill level 5 in Fighting
 11944 | D:8      | Reached skill level 5 in Short Blades
 11944 | D:8      | Reached skill level 5 in Long Blades
 11944 | D:8      | Reached skill level 5 in Axes
 11944 | D:8      | Reached skill level 5 in Maces & Flails
 11944 | D:8      | Reached skill level 5 in Polearms
 11944 | D:8      | Reached skill level 5 in Staves
 11944 | D:8      | Reached skill level 5 in Slings
 11944 | D:8      | Reached skill level 5 in Bows
 11944 | D:8      | Reached skill level 5 in Crossbows
 11944 | D:8      | Reached skill level 5 in Throwing
 11944 | D:8      | Reached skill level 5 in Armour
 11944 | D:8      | Reached skill level 5 in Dodging
 11944 | D:8      | Reached skill level 5 in Stealth
 11944 | D:8      | Reached skill level 5 in Shields
 11944 | D:8      | Reached skill level 5 in Unarmed Combat
 12121 | D:8      | Reached **** piety under Vehumet
 12570 | D:8      | Found a staircase to the Lair.
 12809 | D:9      | Noticed Erolcha
 12929 | Lair:1   | Entered Level 1 of the Lair of Beasts
 13124 | Lair:1   | Reached skill level 5 in Ice Magic
 13535 | Lair:1   | Noticed a cane toad
 13547 | Lair:1   | Killed a cane toad
 13825 | Lair:2   | Noticed a black mamba
 13845 | Lair:2   | Killed a black mamba
 14188 | Lair:2   | Reached XP level 11. HP: 81/81 MP: 22/25
 14421 | Lair:2   | Reached skill level 5 in Conjurations
 14421 | Lair:2   | Reached skill level 5 in Hexes
 14421 | Lair:2   | Reached skill level 5 in Summonings
 14421 | Lair:2   | Reached skill level 5 in Necromancy
 14421 | Lair:2   | Reached skill level 5 in Transmutations
 14421 | Lair:2   | Reached skill level 5 in Fire Magic
 14421 | Lair:2   | Reached skill level 5 in Air Magic
 14421 | Lair:2   | Reached skill level 5 in Earth Magic
 14421 | Lair:2   | Reached skill level 5 in Poison Magic
 14427 | Lair:2   | Reached skill level 11 in Spellcasting
 14810 | Lair:2   | Noticed a lindwurm
 14811 | Lair:2   | Offered knowledge of Hailstorm by Vehumet.
 14895 | Lair:2   | Killed a lindwurm
 15171 | Lair:2   | Found a staircase to the Snake Pit.
 15180 | Lair:2   | Noticed an oklob plant
 15180 | Lair:2   | Noticed an oklob plant
 15180 | Lair:2   | Noticed an oklob plant
 15193 | Lair:2   | Killed an oklob plant
 15193 | Lair:2   | Killed an oklob plant
 15476 | Lair:2   | Killed an oklob plant
 16259 | Lair:3   | Reached XP level 12. HP: 86/89 MP: 27/27
 16363 | Lair:3   | Identified the +9 glaive "Dughuw" {venom, Will+ Dex+4}
 16776 | Lair:3   | Reached ***** piety under Vehumet
 16776 | Lair:3   | Offered knowledge of Lightning Bolt by Vehumet.
 16789 | Lair:3   | Noticed an eight-headed hydra
 16796 | Lair:3   | Killed an eight-headed hydra
 17393 | Lair:3   | Found an ornate altar of the Wu Jian Council.
 17394 | Lair:3   | Noticed a boulder beetle
 17431 | Lair:2   | Killed a boulder beetle
 17673 | Lair:3   | Found a hide-covered altar of Uskayaw.
 18433 | Lair:3   | Slain by a freezing wraith

Illustrated notes

Levels and vault maps discovered:
D:1:      dpeg_arrival_subterranean_lakeside_camping, layout_rooms
D:2:      layout_loops_cross, chequers_ecumenical_altar_simple_redux,
          uniq_terence, uniq_sigmund, uniq_robin
D:3:      kennysheep_six_static_rooms, layout_rooms,
          nicolae_overflow_hidden_temple, cheibrodos_sewer_entry_bend,
          minmay_goblin_outpost
D:4:      lemuel_castle_with_subvaults [lemuel_castle_interior_carwin_1],
          layout_basic, minmay_temple_entry_grid, serial_park_tiny_2,
          minmay_misc_feat_tiny, uniq_ijyb
D:5:      layout_basic
D:6:      layout_rooms, marbit_many_paths, serial_shops, shop,
          corexii_corridor_pit, uniq_prince_ribbit1
D:7:      layout_rooms, nicolae_elemental_shop
D:8:      layout_basic, erik_lair_dragon
D:9:      layout_basic, grunt_ministairs_9, onia_ninara_cookie, uniq_pikel,
          uniq_erica, uniq_grum, uniq_erolcha
Temple:   regret_index_temple_chain_breaker
Lair:1:   layout_cave_pods
Lair:2:   layout_cave_pods, dummy_snake_entry, lemuel_fruit_tree,
          infiniplex_staircase_pool, minmay_lair_oklob_chamber,
          serial_bayou_shore_b
Lair:3:   layout_regular_city, nzn_masters_of_martial_movement
Lair:4:   layout_cave_shapes, shoals_dummy_entry, ice2_lemuel

Skill      XL: |  1  2  3  4  5  6  7  8  9 10 11 12 |
---------------+-------------------------------------+-----
Spellcasting   | 10 11 | 11.6
Ice Magic      | 2 3 4 5 6 |  6.4
Invocations    | 1 2 3 4 5 6 7 8 |  8.0
Fighting       | 1 2 3 4 5 6 7 |  7.3
Short Blades   | 1 2 3 4 5 6 7 |  7.3
Long Blades    | 1 2 3 4 5 6 7 |  7.3
Axes           | 1 2 3 4 5 6 7 |  7.3
Maces & Flails | 1 2 3 4 5 6 7 |  7.3
Polearms       | 1 2 3 4 5 6 7 |  7.3
Staves         | 1 2 3 4 5 6 7 |  7.3
Slings         | 1 2 3 4 5 6 7 |  7.3
Bows           | 1 2 3 4 5 6 7 |  7.3
Crossbows      | 1 2 3 4 5 6 7 |  7.3
Throwing       | 1 2 3 4 5 6 7 |  7.3
Armour         | 1 2 3 4 5 6 7 |  7.3
Dodging        | 1 2 3 4 5 6 7 |  7.3
Stealth        | 1 2 3 4 5 6 7 |  7.3
Shields        | 1 2 3 4 5 6 7 |  7.3
Unarmed Combat | 1 2 3 4 5 6 7 |  7.3
Conjurations   | 1 2 3 4 5 6 |  6.0
Hexes          | 1 2 3 4 5 6 |  6.0
Summonings     | 1 2 3 4 5 6 |  6.0
Necromancy     | 1 2 3 4 5 6 |  6.0
Transmutations | 1 2 3 4 5 6 |  6.0
Fire Magic     | 1 2 3 4 5 6 |  6.0
Air Magic      | 1 2 3 4 5 6 |  6.0
Earth Magic    | 1 2 3 4 5 6 |  6.0
Poison Magic   | 1 2 3 4 5 6 |  6.0
Evocations     | 5 6 7 8 |  8.7
Translocations | 6 7 8 |  8.2

Action                   |  1- 3 |  4- 6 |  7- 9 | 10-12 || total
-------------------------+-------+-------+-------+-------++-------
Melee: Dagger            |   120 |   172 |   196 |   219 ||   707
       Bite              |     8 |    13 |    29 |    16 ||    66
       Punch             |       |     1 |     2 |     2 ||     5
       Scimitar          |       |       |    92 |    20 ||   112
       Whip              |       |       |    39 |       ||    39
 Cast: Magic Dart        |    43 |     3 |     4 |     5 ||    55
       Searing Ray       |     6 |    19 |    51 |    26 ||   102
       Call Imp          |     3 |    17 |    23 |    24 ||    67
       Blink             |     3 |     5 |     4 |       ||    12
       Freezing Cloud    |       |       |       |    39 ||    39
       Fireball          |       |       |       |    13 ||    13
       Mephitic Cloud    |       |       |       |     1 ||     1
  Use: Scroll            |     1 |     2 |     2 |     8 ||    13
       Potion            |       |       |     1 |     2 ||     3
 Stab: Sleeping          |     1 |       |     3 |     6 ||    10
       Distracted        |       |       |     2 |     2 ||     4
Armor: Robe              |    25 |    48 |   141 |    60 ||   274
       Ring mail         |       |       |       |    43 ||    43
       Skin              |       |       |       |    17 ||    17
       Steam dragon scal |       |       |       |    10 ||    10
Dodge: Dodged            |    96 |    98 |   225 |   175 ||   594
       Rpst.: Scimitar   |       |       |    15 |     7 ||    22
